 Dungeon Crawl Stone Soup version 0.25.1-8-g42b30a86e7 (webtiles) character file.

Game seed: 4721189934638055516

12 Destapler the Caller (level 2, 0/24 HPs)
             Began as a Merfolk Wanderer on Dec 20, 2020.
             Slain by an adder (3 damage)
             ... on level 2 of the Dungeon.
             The game lasted 00:04:45 (741 turns).

Destapler the Caller (Merfolk Wanderer)              Turns: 741, Time: 00:04:46

Health: 0/24       AC:  2    Str: 13    XL:     2   Next: 33%
Magic:  3/3        EV:  9    Int: 10    God:
Gold:   32         SH:  9    Dex: 13    Spells: 3/3 levels left

rFire    . . .     SeeInvis .   a - +0 club
rCold    . . .     Gourm    .   d - +1 kite shield
rNeg     . . .     Faith    .   c - +0 robe
rPois    .         Spirit   .   (no helmet)
rElec    .         Reflect  .   (no cloak)
rCorr    .         Harm     .   (no gloves)
MR       .....                  (no boots)
Stlth    ++........             (no amulet)
HPRegen  0.08/turn              (no ring)
MPRegen  0.08/turn              (no ring)

@: lethally poisoned (0 -> -3)
A: change form in water, swift swim, stealthy swim
a: no special abilities


You were on level 2 of the Dungeon.
You were not hungry.

You visited 1 branch of the dungeon, and saw 2 of its levels.

You collected 32 gold pieces.

Inventory:

Hand Weapons
 a - a +0 club (weapon)
Armour
 c - a +0 robe (worn)
 d - a +1 kite shield (worn)
 h - a +0 pair of boots
Comestibles
 f - 2 rations


   Skills:
 + Level 3.5 Fighting
 + Level 1.1 Dodging
 + Level 1.0 Stealth
 + Level 2.2 Shields
 - Level 1.0 Spellcasting
   Level 4.0 Summonings


You had 3 spell levels left.
You didn't know any spells.
Your spell library was empty.

Dungeon Overview and Level Annotations

Branches:
Dungeon (1/15)

Altars:


Message History

You block the hobgoblin's attack. The adder completely misses you.
The hobgoblin barely misses you. The kobold hits you but does no damage.
The rat closely misses you.
The jackal barks!
You hit the adder.
The adder is moderately wounded.
The adder bites you.
* * * LOW HITPOINT WARNING * * *
You are poisoned.
The adder poisons you! The hobgoblin barely misses you.
You block the hobgoblin's attack.
The kobold hits you with a cursed +0 short sword.
* * * LOW HITPOINT WARNING * * *
You block the adder's attack. You block the rat's attack.
The hobgoblin closely misses you. The hobgoblin hits you.
* * * LOW HITPOINT WARNING * * *
The kobold hits you with a cursed +0 short sword.
* * * LOW HITPOINT WARNING * * *
The rat barely misses you. The adder bites you.
You die...

.........#.⌠.#..(##
####.##..##.##...#
#.##....#..#..#
#.........##..#
#..##.######..#######
#.. #.# #......... #.
#.# ##........
#..##.## ##Kg......
#?.##..#####@Sb......
##..###....#rggS......
#... ####(#hhw.......
#..# #.rb.r.h........
#.h####.###...#.......
####.hh.h..#
##...##.....
....hr######
#........## ###...#
.....$.)$. .#..#h#^.
.....


You could see a worm, 2 adders, a quokka, 3 jackals, 2 hobgoblins, a goblin, a
bat, a kobold and a rat.

Vanquished Creatures
  A dart slug (D:1)
  A giant cockroach (D:1)
  A goblin (D:1)
  4 hobgoblins (D:1)
  2 rats (D:1)
9 creatures vanquished.

Vanquished Creatures (others)
  5 toadstools (D:1)
5 creatures vanquished.

Grand Total: 14 creatures vanquished

Notes
Turn   | Place    | Note
-------+----------+-------------------------------------------
     0 | D:1      | Destapler the Merfolk Wanderer began the quest for the Orb.
     0 | D:1      | Destapler set off with the following items: a +0 club, a
                  | potion of curing, a +0 robe, a +0 kite shield, a ration
     0 | D:1      | Reached XP level 1. HP: 18/18 MP: 2/2
   259 | D:1      | Reached XP level 2. HP: 19/24 MP: 3/3
   385 | D:1      | Reached skill level 1 in Dodging
   496 | D:1      | Reached skill level 1 in Stealth
   663 | D:1      | You fall into a shaft and drop 1 floor!
   741 | D:2      | Slain by an adder

Illustrated notes

Levels and vault maps discovered:
D:1:      ldierk_walled_garden, layout_loops_ring
D:2:      layout_rooms, tso_altar, grunt_decor_one_mirror, uniq_natasha

Skill      XL: |  1  2 |
---------------+-------+-----
Dodging        | 1 |  1.1
Stealth        | 1 |  1.0
Fighting       | |  3.5
Shields        | |  2.2
Spellcasting   | |  1.0
Summonings     | |  4.0

Action                   || total
-------------------------++-------
Melee: Club              ||    29
       Tailslap          ||     3
  Use: Scroll            ||     2
       Potion            ||     1
Armor: Robe              ||    12
Dodge: Dodged            ||    31
Block: Kite shield       ||    38
